 Dungeon Crawl Stone Soup version 0.20.0-8-g6b59dc7 (webtiles) character file.

48 stringdemon the Insei (level 3, -1/17 HPs)
             Began as a Vine Stalker Transmuter on May 30, 2017.
             Slain by a gnoll
             ... wielding a +0 flail
              (4 damage)
             ... on level 2 of the Dungeon.
             The game lasted 00:06:28 (1656 turns).

stringdemon the Insei (Vine Stalker Transmuter)     Turns: 1656, Time: 00:06:29

Health: -1/17      AC:  2    Str: 12    XL:     3   Next: 72%
Magic:  0/7        EV: 12    Int: 14    God:
Gold:   110        SH:  0    Dex: 14    Spells: 3/6 levels left

rFire    . . .     SeeInvis .     - Unarmed
rCold    . . .     Gourm    .   (no shield)
rNeg     . . .     Faith    .   b - +0 robe
rPois    .         Spirit   +   (no helmet)
rElec    .         Reflect  .   (no cloak)
rCorr    .         Harm     .   (no gloves)
MR       .....                  (no boots)
Stlth    +.........             (no amulet)
Regen    0.1/turn               (no ring)
MPRegen  0.1/turn               (no ring)

@: no status effects
A: fangs 2, magic shield, antimagic bite, no potion heal 3, rot immunity
a: no special abilities


You were on level 2 of the Dungeon.
You were not hungry.

You visited 1 branch of the dungeon, and saw 2 of its levels.

You collected 110 gold pieces.

Inventory:

Missiles
 a - 12 arrows
Armour
 b - a +0 robe (worn)
Scrolls
 g - a scroll of enchant armour {unknown}
 h - a scroll of fear {unknown}
 j - 3 scrolls of enchant weapon {unknown}
 l - a scroll of blinking {unknown}
Potions
 e - a potion of mutation {unknown}
 f - a potion of flight {unknown}
 k - a potion of agility {unknown}
 m - a potion of cancellation {unknown}
Books
 c - a book of Changes

   Spells                             Type                      Level
   a - Beastly Appendage              Transmutation                1
   b - Sticks to Snakes               Transmutation                2
   c - Spider Form                    Transmutation/Poison         3
   d - Ice Form                       Ice/Transmutation            4
   e - Blade Hands                    Transmutation                5
Comestibles
 d - a bread ration
 n - a meat ration


   Skills:
 - Level 0.8 Fighting
 - Level 1.5 Dodging
 + Level 4.5 Unarmed Combat
 - Level 2.1 Spellcasting
 - Level 2.0 Transmutations


You had 3 spell levels left.
You knew the following spells:

 Your Spells              Type           Power        Failure   Level  Hunger
a - Beastly Appendage     Tmut           #.....       11%         1    #......
b - Sticks to Snakes      Tmut           #.......     16%         2    ###....


Dungeon Overview and Level Annotations

Branches:
Dungeon (2/15)

Altars:


Innate Abilities, Weirdness & Mutations

You have extremely sharp teeth.
When hurt, damage is shared between your health and your magic reserves.
Your bite disrupts and absorbs the magic of your enemies.
Potions cannot restore your health.
You are immune to rotting.


Message History

Eating one of 2 chunks of flesh.
You eat one of the 2 chunks of flesh.
This raw flesh tastes terrible.
HP restored.
You see here a club.
You see here a dagger.
There is an escape hatch in the floor here.
You see here a dagger.
You see here a club.
There is a stone staircase leading down here.
All of the chunks of flesh in your inventory have rotted away.
(D) Dungeon
Where to? (Enter - D:2, ? - help)
There is a stone staircase leading down here.
You climb downwards.
The kobold barely misses you. The gnoll hits you with a halberd!
The kobold hits you but does no damage.
There is a stone staircase leading up, spattered with blood here.
The gnoll hits you with a halberd!
* * * LOW HITPOINT WARNING * * *
The kobold hits you but does no damage. The gnoll hits you with a flail.
You die...

................................#
.....##.####....########...######
........####....# #...#
#..............## #...#####
....###.##......# #.......#
#............#..###### #.#######
#...####.............# #.#
..............###.##.# #.#
.........>.....g@.##.###.#
#.#.##.#.#....##Kg#.....)#
#.#.##.#.###..##..#..###.#
#.)....K.# #.............#
.......### ##.........>..#
......g.# ##.#.....#####
#....##.# ##.#.....### ..... #g#
..........# .... #.####
#.#..[....##


You could see 2 gnolls and a kobold.

Vanquished Creatures
  An adder (D:2)
  A worm (D:2)
  2 leopard geckos (D:1)
  4 giant cockroaches
  3 goblins (D:1)
  4 hobgoblins
  A quokka (D:1)
  3 bats (D:1)
  3 frilled lizards (D:1)
  6 kobolds (D:1)
  4 rats
32 creatures vanquished.

Notes
Turn   | Place    | Note
-------+----------+-------------------------------------------
     0 | D:1      | stringdemon the Vine Stalker Transmuter began the quest for the Orb.
     0 | D:1      | Reached XP level 1. HP: 9/9 MP: 4/4
   221 | D:1      | Reached XP level 2. HP: 13/14 MP: 4/6
   565 | D:1      | Reached skill level 4 in Unarmed Combat
   657 | D:1      | Reached XP level 3. HP: 17/17 MP: 4/7
  1047 | D:1      | Learned a level 2 spell: Sticks to Snakes
  1656 | D:2      | Slain by a gnoll

Skill      XL: |  1  2 |
---------------+-------+-----
Unarmed Combat | 4 |  4.5
Fighting       | |  0.8
Dodging        | |  1.5
Spellcasting   | |  2.1
Transmutations | |  2.0

Action                   || total
-------------------------++-------
Melee: Unarmed           ||    92
       Bite              ||    12
       Kick              ||    11
       Headbutt          ||     5
 Cast: Beastly Appendage ||    21
  Eat: Chunk             ||     3
Armor: Robe              ||    14
Dodge: Dodged            ||    49
